 Dungeon Crawl Stone Soup version 0.25.1-8-g42b30a86e7 (webtiles) character file.

Game seed: 1699096447326466915

146 KamiKatze the Magician (level 5, -1/29 HPs)
             Began as a Deep Elf Fire Elementalist on Dec 8, 2020.
             Slain by an adder (2 damage)
             ... on level 3 of the Dungeon.
             The game lasted 00:13:19 (2014 turns).

KamiKatze the Magician (Deep Elf Fire Elementalist) Turns: 2014, Time: 00:13:26

Health: -1/29      AC:  3    Str:  7    XL:     5   Next: 7%
Magic:  1/13       EV: 13    Int: 21    God:
Gold:   91         SH:  0    Dex: 15    Spells: 5/13 levels left

rFire    . . .     SeeInvis .   e - +0 spear
rCold    . . .     Gourm    .   (no shield)
rNeg     . . .     Faith    .   a - +0 robe
rPois    .         Spirit   .   (no helmet)
rElec    .         Reflect  .   (no cloak)
rCorr    .         Harm     .   (no gloves)
MR       .....                  (no boots)
Stlth    ++........             (no amulet)
HPRegen  0.09/turn              i - ring of flight
MPRegen  0.13/turn              (no ring)

@: brilliant, lethally poisoned (-1 -> -3)
A: yellow scales 1, deformed body, strong 1, wild magic 1
a: Evoke Flight


You were on level 3 of the Dungeon.
You were not hungry.

You visited 1 branch of the dungeon, and saw 3 of its levels.

You collected 91 gold pieces.

Inventory:

Hand Weapons
 e - a +0 spear (weapon)
 f - a +0 trident
 j - a +0 dagger
 q - a +1 dagger of draining
Missiles
 m - 13 poisoned darts (quivered)
Armour
 a - a +0 robe (worn)
 d - a +0 ring mail
 n - a +0 ring mail
 p - a +0 leather armour
Jewellery
 i - a ring of flight (left hand)
Scrolls
 b - a scroll of blinking {unknown}
 h - a scroll of noise {unknown}
 k - a scroll of immolation {unknown}
 l - a scroll of identify
 s - 3 scrolls of fear {unknown}
 t - a scroll of remove curse {unknown}
 w - a scroll of fog {unknown}
Potions
 x - 2 potions of flight
Comestibles
 c - 4 rations
 v - 5 chunks of flesh


   Skills:
 + Level 1.0 Fighting
 - Level 3.0 Dodging
 - Level 3.0 Stealth
 * Level 4.5 Spellcasting
 * Level 2.7 Conjurations
 * Level 4.1 Fire Magic


You had 5 spell levels left.
You knew the following spells:

 Your Spells              Type           Power        Failure   Level  Hunger
a - Foxfire               Conj/Fire      ####         4%          1    None
b - Conjure Flame         Conj/Fire      #####...     13%         3    None
c - Sticky Flame          Conj/Fire      #####...     36%         4    None

Your spell library contained the following spells:

 Spells                   Type           Power        Failure   Level  Hunger
 Inner Flame              Hex/Fire       ####....     21%         3    None
 Fireball                 Conj/Fire      #####.....   69%         5    None


Dungeon Overview and Level Annotations

Branches:
Dungeon (3/15)

Altars:


Innate Abilities, Weirdness & Mutations

You are partially covered in yellow scales. (AC +2)
Armour fits poorly on your strangely shaped body.
Your muscles are strong. (Str +2)
Your spells are a little harder to cast, but a little more powerful.


Message History

The orc wizard is heavily wounded.
The orc wizard hits you with a +0 dagger.
* * * LOW HITPOINT WARNING * * *
The orc wizard hits you with a +0 dagger.
* * * LOW HITPOINT WARNING * * *
The adder closely misses you.
It was a potion of brilliance.
You feel clever all of a sudden.
The orc wizard hits you with a +0 dagger.
* * * LOW HITPOINT WARNING * * *
The adder bites you.
* * * LOW HITPOINT WARNING * * *
Unknown command.
It was a potion of mutation.
You feel extremely strange.
You feel less in control of your magic.
Yellow scales grow over part of your body.
Your body twists and deforms.
You feel stronger.
* * * LOW HITPOINT WARNING * * *
You feel sick. The orc wizard misses you. The adder bites you.
You die...

#.###...........#
##.## #.#
#.#....#..#.# #.###
#.###.##.#......#
#...#
...##.##.###.#..#
###.# .........#
#.#..# #.# ...##.####
#.#..# #.###.. ...# .#
###.#..######.....#
##<#
#........S..)).###....
...
..$....o@...........#.
###.
..#....#######.##... #
# ####(. .># ## #.#
#%.


You could see an orc wizard (fast) and an adder.

Vanquished Creatures
  2 orc wizards (D:3)
  2 adders (D:2)
  An ooze (D:2)
  2 worms (D:2)
  2 dart slugs
  A leopard gecko (D:1)
  4 orcs (D:3)
  6 bats
  4 giant cockroaches
  6 goblins
  6 hobgoblins
  6 kobolds
  A quokka (D:2)
  A frilled lizard (D:2)
  7 rats
51 creatures vanquished.

Vanquished Creatures (others)
  163 foxfires
163 creatures vanquished.

Grand Total: 214 creatures vanquished

Notes
Turn   | Place    | Note
-------+----------+-------------------------------------------
     0 | D:1      | KamiKatze the Deep Elf Fire Elementalist began the quest
                  | for the Orb.
     0 | D:1      | Reached XP level 1. HP: 10/10 MP: 6/6
   383 | D:1      | Reached XP level 2. HP: 15/15 MP: 5/8
   946 | D:2      | Reached XP level 3. HP: 20/20 MP: 3/9
   955 | D:2      | Learned a level 3 spell: Conjure Flame
  1548 | D:2      | Reached XP level 4. HP: 24/24 MP: 6/11
  1558 | D:2      | Learned a level 4 spell: Sticky Flame
  1991 | D:3      | Reached skill level 1 in Fighting
  1991 | D:3      | Reached XP level 5. HP: 29/29 MP: 3/13
  2014 | D:3      | Gained mutation: Your spells are a little harder to cast,
                  | but a little more powerful. [potion of mutation]
  2014 | D:3      | Gained mutation: You are partially covered in yellow
                  | scales. (AC +2) [potion of mutation]
  2014 | D:3      | Gained mutation: Armour fits poorly on your strangely
                  | shaped body. [potion of mutation]
  2014 | D:3      | Gained mutation: Your muscles are strong. (Str +2) [potion
                  | of mutation]
  2014 | D:3      | HP: 1/29 [poisoned by an adder]
  2014 | D:3      | Slain by an adder

Illustrated notes

Levels and vault maps discovered:
D:1:      kilobyte_arrival_exit_the_forest, layout_rooms
D:2:      layout_basic, serial_forest, infiniplex_forest_lined_3,
          infiniplex_forest_straight_4, infiniplex_forest_clump_small,
          infiniplex_forest_lined_ring, infiniplex_forest_clump_tiny
D:3:      layout_loops_ring, grunt_temple_overflow_open, first_ration,
          chequers_serial_rivers_micro_d, hangedman_decor_points

Skill      XL: |  1  2  3  4 |
---------------+-------------+-----
Conjurations   | 2 |  2.7
Spellcasting   | 4 |  4.5
Dodging        | 3 |  3.0
Stealth        | 3 |  3.0
Fighting       | 1 |  1.0
Fire Magic     | 4 |  4.1

Action                   |  1- 3 |  4- 6 || total
-------------------------+-------+-------++-------
Melee: Spear             |     4 |     6 ||    10
 Cast: Foxfire           |    69 |    30 ||    99
  Use: Potion            |       |     4 ||     4
       Scroll            |       |     1 ||     1
  Eat: Chunk             |     2 |     1 ||     3
Armor: Robe              |     2 |     3 ||     5
Dodge: Dodged            |    10 |    23 ||    33
